[Event "Titled Tuesday Blitz June 8 2021"]
[White "Pap, Gyula"]
[Black "Siddharth, Jagadeesh"]
[WhiteFideId "725323"]
[BlackFideId "5818320"]
[WhiteElo "2562"]
[BlackElo "2127"]
[Result "1-0"]
[Round "11"]
[TimeControl "180+1"]
[Date "2021.06.08"]
[WhiteClock "0:00:04"]
[BlackClock "0:00:15"]

1. d4 d5 2. c4 dxc4 3. Nf3 Nf6 4. e3 e6 5. Bxc4 c5 6. O-O a6 7. dxc5 Bxc5 8. Qxd8+ Kxd8 9. Be2 Ke7 10. Ne5 b6 11. Nd3 a5 12. Nxc5 bxc5 13. Na3 Ba6 14. Nc4 Nc6 15. b3 Rhb8 16. Bf3 Bxc4 17. bxc4 Ra6 18. Ba3 Nb4 19. Rfd1 Rd6 20. Kf1 Nd7 21. Rxd6 Kxd6 22. Rd1+ Ke7 23. Rd2 Ne5 24. Be2 Rd8 25. Bc1 Ned3 26. Ba3 Ne5 27. Rb2 Nd7 28. Ke1 Ne5 29. Rb3 Rb8 30. Kd2 Rd8+ 31. Ke1 Ned3+ 32. Bxd3 Nxd3+ 33. Ke2 Nb4 34. Bb2 a4 35. Ra3 Ra8 36. Kd2 Kd6 37. Bxg7 Rg8 38. Bc3 Rxg2 39. Ke2 Rxh2 40. Rxa4 Rh4 41. Bxb4 cxb4 42. Rxb4 h5 43. c5+ 1-0


[Site "https://www.chess.com"]

[Event "Titled Tuesday Blitz June 8 2021"]
[White "Priasmoro, Novendra"]
[Black "Grieve, Harry"]
[WhiteFideId "7105029"]
[BlackFideId "426520"]
[WhiteElo "2309"]
[BlackElo "2191"]
[Result "1/2-1/2"]
[Round "11"]
[TimeControl "180+1"]
[Date "2021.06.08"]
[WhiteClock "0:00:15"]
[BlackClock "0:00:18"]

1. Nf3 f5 2. d4 Nf6 3. g3 g6 4. Bg2 Bg7 5. O-O O-O 6. c4 d6 7. Nc3 c6 8. d5 e5 9. dxe6 Bxe6 10. Qd3 Re8 11. Ng5 Na6 12. Nxe6 Rxe6 13. Bf4 Nc5 14. Qd2 Qe7 15. Rad1 Rd8 16. Qc2 Nfe4 17. Nxe4 Nxe4 18. Rfe1 h6 19. Rd3 Nc5 20. Rd2 Ne4 21. Rd3 Nc5 22. Re3 Ne4 23. Ra3 a6 24. Be3 d5 25. cxd5 Rxd5 26. Rd3 Red6 27. Qb3 Kh7 28. Red1 Rxd3 29. Rxd3 Rxd3 30. exd3 Nf6 31. h3 Qd7 32. Qc4 Nd5 33. Bd4 h5 34. Bxg7 Kxg7 35. Qd4+ Nf6 36. Qc4 Nd5 37. Bxd5 Qxd5 38. Qxd5 cxd5 39. d4 Kf6 40. f4 g5 41. fxg5+ Kxg5 42. Kf2 f4 43. Kf3 fxg3 44. Kxg3 h4+ 45. Kf3 Kf5 46. Ke3 Kg5 47. a4 b6 48. Kf3 Kf5 49. Ke3 Kg5 50. b3 Kf5 51. Kf3 Kg5 52. Ke3 Kf5 53. b4 b5 54. a5 Kg5 55. Kf3 Kf5 56. Ke3 Kg5 57. Kf3 Kf5 58. Ke3 1/2-1/2


[Site "https://www.chess.com"]

[Event "Titled Tuesday Blitz June 8 2021"]
[White "Samadov, Read"]
[Black "Quparadze, Giga"]
[WhiteFideId "13417444"]
[BlackFideId "13602250"]
[WhiteElo "2084"]
[BlackElo "2658"]
[Result "0-1"]
[Round "11"]
[TimeControl "180+1"]
[Date "2021.06.08"]
[WhiteClock "0:00:04"]
[BlackClock "0:00:04"]

1. d4 Nf6 2. c4 e6 3. g3 d5 4. Bg2 Bb4+ 5. Bd2 Be7 6. Nf3 O-O 7. O-O c6 8. Qc2 b6 9. Rd1 Ba6 10. Ne5 Nfd7 11. Nxd7 Nxd7 12. b3 Rc8 13. Nc3 dxc4 14. e4 Nb8 15. Bf4 Bd6 16. Bxd6 Qxd6 17. e5 Qe7 18. Ne4 cxb3 19. axb3 Rc7 20. Nd6 c5 21. d5 exd5 22. Bxd5 Bc8 23. Qe4 Be6 24. Nf5 Qg5 25. Bxe6 fxe6 26. Ne3 Nc6 27. f4 Qg6 28. Qc4 Qf7 29. Rd6 Nd4 30. b4 Nf3+ 31. Kh1 Nxe5 32. fxe5 Qf3+ 33. Ng2 cxb4 34. Qxe6+ Kh8 35. h4 Qxg3 36. Rad1 Rc2 37. Qd5 Rcf2 38. Kg1 b3 39. Rd8 b2 40. Rxf8+ Rxf8 41. Qf7 Rc8 42. Qd7 Rg8 43. Qb5 Qc3 44. e6 Qc1 45. Qd3 h6 46. Kh2 Re8 47. Qd7 Rg8 48. Qd3 Qc7+ 49. Kh1 Re8 50. Qg6 Qe7 51. Nf4 Rg8 52. Qg4 g5 53. hxg5 Rxg5 54. Qh3 Kg7 55. Nd5 Rxd5 56. Rxd5 b1=Q+ 57. Kh2 Qc7+ 58. Qg3+ Qxg3+ 59. Kxg3 Qb3+ 60. Kf4 0-1


[Site "https://www.chess.com"]

[Event "Titled Tuesday Blitz June 8 2021"]
[White "Samsonkin, Artiom"]
[Black "Vokhidov, Shamsiddin"]
[WhiteFideId "13503111"]
[BlackFideId "14204223"]
[WhiteElo "2513"]
[BlackElo "2572"]
[Result "0-1"]
[Round "11"]
[TimeControl "180+1"]
[Date "2021.06.08"]
[WhiteClock "0:00:02"]
[BlackClock "0:00:25"]

1. e4 e5 2. Nf3 Nc6 3. d4 exd4 4. Bc4 Bc5 5. Ng5 Nh6 6. Nxf7 Nxf7 7. Bxf7+ Kxf7 8. Qh5+ g6 9. Qxc5 d5 10. O-O dxe4 11. c3 Re8 12. cxd4 Qxd4 13. Qg5 Qf6 14. Qg3 Ne5 15. Nc3 Bf5 16. Bg5 Qd6 17. Bf4 Qe6 18. Rae1 Nd3 19. Re3 Nxf4 20. Qxf4 Qe5 21. Qh4 Kg7 22. Rfe1 Rad8 23. h3 Rd4 24. g4 Bd7 25. Nxe4 Qf4 26. Ng5 h6 27. Re7+ Rxe7 28. Rxe7+ Kg8 29. Qxh6 Rd1+ 30. Kg2 Bc6+ 31. f3 Bxf3+ 0-1


[Site "https://www.chess.com"]

[Event "Titled Tuesday Blitz June 8 2021"]
[White "Sanal, Vahap"]
[Black "Solon, Nathan"]
[WhiteFideId "6300545"]
[BlackFideId "2017229"]
[WhiteElo "2507"]
[BlackElo "2643"]
[Result "1-0"]
[Round "11"]
[TimeControl "180+1"]
[Date "2021.06.08"]
[WhiteClock "0:00:59"]
[BlackClock "0:00:08"]

1. e4 c5 2. Nc3 d6 3. d4 cxd4 4. Qxd4 Nc6 5. Qd2 g6 6. b3 Bh6 7. f4 Nf6 8. Bb2 O-O 9. O-O-O e5 10. Nge2 Re8 11. Kb1 exf4 12. g3 Bg7 13. Nxf4 Nxe4 14. Nxe4 Rxe4 15. Bxg7 Kxg7 16. Bg2 Re8 17. Qc3+ Ne5 18. Rhe1 Bg4 19. Rd4 Rc8 20. Qd2 Nf3 21. Bxf3 Bxf3 22. Rf1 Be4 23. Rc1 Rc6 24. Qb4 d5 25. Qxb7 Qf6 26. Nxd5 Qxd4 27. Qxc6 Re6 28. Qc3 Qxc3 29. Nxc3 Bf5 30. Kb2 h5 31. a4 Bg4 32. b4 g5 33. b5 f5 34. Nd5 Bf3 35. c4 Re2+ 36. Rc2 Rxc2+ 37. Kxc2 Bxd5 38. cxd5 Kf6 39. a5 Ke5 40. b6 axb6 41. a6 1-0


[Site "https://www.chess.com"]

[Event "Titled Tuesday Blitz June 8 2021"]
[White "Shahaliyev, Ismayil"]
[Black "Jones, Gawain C B"]
[WhiteFideId "13406388"]
[BlackFideId "409561"]
[WhiteElo "2105"]
[BlackElo "2657"]
[Result "1-0"]
[Round "11"]
[TimeControl "180+1"]
[Date "2021.06.08"]
[WhiteClock "0:00:41"]
[BlackClock "0:01:28"]

1. d4 Nf6 2. Nf3 c5 3. c3 b6 4. Bf4 Bb7 5. e3 e6 6. h3 Be7 7. Nbd2 d6 8. Bd3 Nbd7 9. O-O e5 10. dxe5 dxe5 11. Bxe5 Nxe5 12. Nxe5 O-O 13. Be2 Qc7 14. Ng4 Rad8 15. Nxf6+ Bxf6 16. Qc2 Qd7 17. Rad1 Qe6 18. a3 g6 19. Bf3 Ba6 20. c4 Qe5 21. b3 Bc8 22. Bd5 Bf5 23. e4 Bc8 24. f4 Qb2 25. Qxb2 Bxb2 26. a4 Kg7 27. Nf3 f6 28. Rf2 Ba3 29. g4 h6 30. Kg2 g5 31. fxg5 fxg5 32. Rdf1 Bb4 33. Ne5 Bc3 34. Rf7+ Rxf7 35. Rxf7+ Kg8 36. Re7+ 1-0


[Site "https://www.chess.com"]

[Event "Titled Tuesday Blitz June 8 2021"]
[White "Siva Mahadevan"]
[Black "Svidler, Peter"]
[WhiteFideId "25043153"]
[BlackFideId "4102142"]
[WhiteElo "2203"]
[BlackElo "2754"]
[Result "1-0"]
[Round "11"]
[TimeControl "180+1"]
[Date "2021.06.08"]
[WhiteClock "0:00:16"]
[BlackClock "0:00:14"]

1. e4 c5 2. Nf3 d6 3. d4 cxd4 4. Nxd4 Nf6 5. Nc3 a6 6. Bg5 Nbd7 7. Qe2 h6 8. Bh4 g6 9. f4 Qc7 10. O-O-O Bg7 11. Nf3 e5 12. Qd2 O-O 13. f5 g5 14. Bxg5 hxg5 15. Qxg5 b5 16. Qh4 b4 17. Nd5 Nxd5 18. exd5 Nf6 19. g4 Qc5 20. Bg2 Bd7 21. Rd2 e4 22. g5 e3 23. gxf6 exd2+ 24. Nxd2 Rfc8 25. Be4 Qd4 26. fxg7 Kxg7 27. f6+ 1-0


[Site "https://www.chess.com"]

[Event "Titled Tuesday Blitz June 8 2021"]
[White "Svane, Rasmus"]
[Black "Murzin, Volodar"]
[WhiteFideId "4657101"]
[BlackFideId "44155573"]
[WhiteElo "2669"]
[BlackElo "2541"]
[Result "1-0"]
[Round "11"]
[TimeControl "180+1"]
[Date "2021.06.08"]
[WhiteClock "0:00:30"]
[BlackClock "0:00:03"]

1. Nf3 Nf6 2. g3 e6 3. Bg2 d5 4. O-O Bd6 5. c4 O-O 6. d4 c6 7. Nfd2 Nbd7 8. Nc3 Re8 9. e4 dxe4 10. Ndxe4 Bc7 11. Re1 h6 12. Be3 Nxe4 13. Nxe4 Nb6 14. Qb3 e5 15. d5 cxd5 16. cxd5 Bd6 17. a4 Bf5 18. Nxd6 Qxd6 19. a5 Nd7 20. Qxb7 e4 21. Bxa7 Ne5 22. Bd4 Reb8 23. Bxe5 Qxe5 24. Qc6 Qxb2 25. d6 Qe5 26. a6 Rc8 27. Qb6 Rab8 28. Qa5 Rc5 29. a7 Ra8 30. Qb6 Rcc8 31. d7 Rf8 32. Qb7 e3 33. fxe3 Rad8 34. a8=Q Rxa8 1-0


[Site "https://www.chess.com"]

[Event "Titled Tuesday Blitz June 8 2021"]
[White "Tabatabaei, M. Amin"]
[Black "Kamsky, Gata"]
[WhiteFideId "12521213"]
[BlackFideId "2000024"]
[WhiteElo "2555"]
[BlackElo "2644"]
[Result "1-0"]
[Round "11"]
[TimeControl "180+1"]
[Date "2021.06.08"]
[WhiteClock "0:00:42"]
[BlackClock "0:00:41"]

1. e4 e5 2. Nf3 Nc6 3. Bb5 a6 4. Ba4 Nf6 5. O-O Be7 6. Re1 b5 7. Bb3 d6 8. c3 O-O 9. h3 Nb8 10. d4 Nbd7 11. Nbd2 Bb7 12. Bc2 Re8 13. Nf1 Bf8 14. Ng3 g6 15. Bg5 h6 16. Bd2 h5 17. a4 c5 18. d5 c4 19. Be3 Nc5 20. Ng5 Bg7 21. Qf3 Qc7 22. Nf1 Rab8 23. axb5 axb5 24. Nd2 Bc8 25. Ra2 Bd7 26. Rea1 Rec8 27. Ra7 Rb7 28. R7a5 Na4 29. Ra6 Nxb2 30. Qg3 Nd3 31. Ra7 Rcb8 32. Rxb7 Rxb7 33. Ra8+ Rb8 34. Ra7 Qc8 35. Qh4 Ra8 36. Rxa8 Qxa8 37. Ngf3 Qa1+ 38. Nb1 Qb2 39. Bxd3 cxd3 40. Nfd2 b4 41. cxb4 Qxb4 42. Bg5 Nh7 43. Be7 f6 44. Qg3 Kf7 45. Bd8 Bb5 46. Qe3 Qa5 47. Bxa5 1-0


[Site "https://www.chess.com"]

[Event "Titled Tuesday Blitz June 8 2021"]
[White "Terry, Renato"]
[Black "Nesterov, Arseniy"]
[WhiteFideId "3803457"]
[BlackFideId "24198455"]
[WhiteElo "2581"]
[BlackElo "2441"]
[Result "0-1"]
[Round "11"]
[TimeControl "180+1"]
[Date "2021.06.08"]
[WhiteClock "0:00:01"]
[BlackClock "0:00:04"]

1. d4 d5 2. Nf3 Nf6 3. c4 c6 4. Nc3 dxc4 5. a4 a5 6. e4 Bg4 7. Bxc4 e6 8. Be3 Bb4 9. Qc2 O-O 10. Ne5 Bh5 11. f3 Nbd7 12. g4 Nxe5 13. dxe5 Nxg4 14. fxg4 Qh4+ 15. Bf2 Qxg4 16. Rg1 Qf4 17. Qd2 Bxc3 18. bxc3 Qxe4+ 19. Be2 Bg6 20. Qe3 Qc2 21. h4 h5 22. Rc1 Qxa4 23. Qg5 Qe4 24. Kf1 a4 25. Bxh5 Ra5 26. Bxg6 fxg6 27. Qxg6 Qc4+ 28. Kg2 Rxe5 29. Bd4 Re2+ 30. Kh1 Qd5+ 31. Rg2 Rf7 32. Kg1 Rxg2+ 33. Qxg2 Qc4 34. Re1 a3 35. h5 Kf8 36. Be5 a2 37. Bd6+ Kg8 38. Be5 Qc5+ 39. Bd4 Qxh5 40. Qxa2 Rf5 41. Qxe6+ Kh7 42. Qe4 Qg6+ 0-1


[Site "https://www.chess.com"]

[Event "Titled Tuesday Blitz June 8 2021"]
[White "Vetokhin, Savva"]
[Black "Kollars, Dmitrij"]
[WhiteFideId "44144474"]
[BlackFideId "12909572"]
[WhiteElo "2185"]
[BlackElo "2576"]
[Result "1/2-1/2"]
[Round "11"]
[TimeControl "180+1"]
[Date "2021.06.08"]
[WhiteClock "0:00:22"]
[BlackClock "0:00:08"]

1. d4 Nf6 2. Nc3 d5 3. Bf4 c5 4. e3 cxd4 5. exd4 a6 6. Nf3 Nc6 7. a3 Bg4 8. Be2 Bxf3 9. Bxf3 e6 10. O-O Bd6 11. Bxd6 Qxd6 12. Ne2 O-O 13. c3 Rfc8 14. Qd2 Na5 15. Qf4 Qxf4 16. Nxf4 Nc4 17. Nd3 Nd2 18. Rfd1 Nxf3+ 19. gxf3 Ne8 20. Kf1 Nd6 21. Ke2 Kf8 22. Ne5 Ke7 23. Kd3 Rc7 24. b3 Rac8 25. Rdc1 h5 26. a4 g5 27. f4 f6 28. Nf3 Ne4 29. c4 gxf4 30. Rc2 Rg8 31. Re1 Rg2 32. Ree2 a5 33. Rxe4 dxe4+ 34. Kxe4 Kd6 35. Kxf4 Rcg7 36. h3 Rc7 37. Ke4 b6 38. Re2 Ke7 39. Rc2 Rc8 40. Re2 Kd6 41. Rc2 Rcg8 42. Re2 R8g3 43. c5+ bxc5 44. dxc5+ Kxc5 45. Ne1 Kb4 46. Nxg2 Rxg2 47. Kf3 Rg5 48. Rxe6 Rf5+ 49. Ke4 Rxf2 50. Rb6+ Kc3 51. Rb5 f5+ 52. Ke3 Rh2 53. Rxa5 Rxh3+ 54. Kf2 f4 55. Rf5 Rh4 56. a5 Kxb3 57. a6 Rh2+ 58. Kf3 Ra2 59. Rf6 Ra4 60. a7 Rxa7 61. Kxf4 Ra5 62. Rb6+ Kc4 63. Rc6+ Kd5 64. Rh6 Kd4 65. Rd6+ Kc3 66. Rh6 Kd2 67. Kg3 Ke3 68. Kh4 Kf4 69. Rf6+ Ke5 70. Rh6 Ke4 71. Rxh5 Ra1 72. Rb5 Rh1+ 73. Kg4 Rg1+ 74. Kh4 Rh1+ 75. Kg4 Rg1+ 76. Kh4 Rh1+ 1/2-1/2


[Site "https://www.chess.com"]

[Event "Titled Tuesday Blitz June 8 2021"]
[White "Vidit, Santosh Gujrathi"]
[Black "Demchenko, Anton"]
[WhiteFideId "5029465"]
[BlackFideId "4160258"]
[WhiteElo "2735"]
[BlackElo "2593"]
[Result "1-0"]
[Round "11"]
[TimeControl "180+1"]
[Date "2021.06.08"]
[WhiteClock "0:00:35"]
[BlackClock "0:00:03"]

1. d4 Nf6 2. c4 g6 3. g3 Bg7 4. Bg2 O-O 5. Nc3 d6 6. Nf3 Nbd7 7. O-O e5 8. e4 exd4 9. Nxd4 Nc5 10. Re1 Re8 11. h3 Bd7 12. Rb1 a5 13. Kh2 a4 14. Ndb5 Be6 15. b3 axb3 16. axb3 Nfd7 17. f4 f5 18. exf5 gxf5 19. Nd5 c6 20. Nxd6 cxd5 21. Nxe8 Bc3 22. Rxe6 Nxe6 23. Nd6 d4 24. Nxf5 Ra2 25. Qg4+ Kh8 26. Nh6 Qe8 27. f5 Ne5 28. Qe4 d3 29. fxe6 Re2 30. Qf5 Rxg2+ 31. Kxg2 Qc6+ 32. Kf2 Be1+ 33. Kxe1 Qh1+ 34. Kd2 Qg2+ 35. Kc3 Qc2+ 36. Kb4 Nc6+ 37. Kc5 Kg7 38. Qf7+ 1-0


[Site "https://www.chess.com"]

[Event "Titled Tuesday Blitz June 8 2021"]
[White "Visakh N R"]
[Black "Woodward, Andy"]
[WhiteFideId "25012223"]
[BlackFideId "30953499"]
[WhiteElo "2428"]
[BlackElo "2722"]
[Result "1-0"]
[Round "11"]
[TimeControl "180+1"]
[Date "2021.06.08"]
[WhiteClock "0:01:41"]
[BlackClock "0:00:15"]

1. e4 c5 2. Nf3 d6 3. d4 cxd4 4. Nxd4 Nf6 5. Nc3 a6 6. Be3 e5 7. Nb3 Be6 8. f3 h5 9. Qd2 Nbd7 10. O-O-O Rc8 11. Kb1 Be7 12. Nd5 Nxd5 13. exd5 Bf5 14. Bd3 Bxd3 15. Qxd3 Bg5 16. Bf2 Qc7 17. h4 Bf4 18. g3 Bh6 19. g4 Bf4 20. g5 g6 21. Nc1 Bxc1 22. Rxc1 b5 23. f4 Qc4 24. fxe5 Nxe5 25. Qa3 Qxd5 26. Rhd1 Qe6 27. Rxd6 Qf5 28. Rd5 Qe6 29. Rxe5 Qxe5 30. Re1 Qxe1+ 31. Bxe1 Rc7 32. Bc3 Rd7 33. Kc1 Rf8 34. Bf6 Rh8 35. Qc5 Rd8 36. Qe7# 1-0


[Site "https://www.chess.com"]

[Event "Titled Tuesday Blitz June 8 2021"]
[White "Wagner, Dennis"]
[Black "Ivic, Velimir"]
[WhiteFideId "24650684"]
[BlackFideId "950122"]
[WhiteElo "2355"]
[BlackElo "2509"]
[Result "0-1"]
[Round "11"]
[TimeControl "180+1"]
[Date "2021.06.08"]
[WhiteClock "0:00:01"]
[BlackClock "0:01:29"]

1. d4 d5 2. Nf3 Nf6 3. c4 e6 4. Nc3 c5 5. cxd5 exd5 6. dxc5 Bxc5 7. e3 O-O 8. Be2 Nc6 9. O-O Re8 10. b3 a6 11. Bb2 Bg4 12. Rc1 Bd6 13. h3 Bh5 14. Nh4 Bxe2 15. Nxe2 Ne4 16. Nf5 Bf8 17. Ned4 Qg5 18. h4 Qg6 19. h5 Qg5 20. f4 Qd8 21. Nxc6 bxc6 22. Rxc6 Re6 23. Rxe6 fxe6 24. Nd4 Qd7 25. Qg4 Re8 26. f5 e5 27. Ne6 Nf6 28. Qh4 d4 29. exd4 e4 30. d5 Nxd5 31. Qxe4 Qb5 32. h6 Bc5+ 33. Kh1 Qxf1+ 34. Kh2 Bd6+ 0-1


[Site "https://www.chess.com"]

[Event "Titled Tuesday Blitz June 8 2021"]
[White "Yanchenko, Roman"]
[Black "Sarana, Alexey"]
[WhiteFideId "4137329"]
[BlackFideId "24133795"]
[WhiteElo "2514"]
[BlackElo "2629"]
[Result "1/2-1/2"]
[Round "11"]
[TimeControl "180+1"]
[Date "2021.06.08"]
[WhiteClock "0:00:15"]
[BlackClock "0:00:14"]

1. d4 Nf6 2. c4 e6 3. Nf3 d5 4. Nc3 Bb4 5. Bg5 dxc4 6. e3 b5 7. Be2 Bb7 8. O-O a6 9. a4 c6 10. Ne5 Nbd7 11. f4 Be7 12. Bf3 Qc8 13. Bxf6 Nxf6 14. Ne4 Nxe4 15. Bxe4 c5 16. Bxb7 Qxb7 17. axb5 Qxb5 18. Qa4 Qxa4 19. Rxa4 cxd4 20. exd4 O-O 21. Rxc4 Rfc8 22. Rfc1 Rxc4 23. Rxc4 Bf6 24. Rc6 h5 25. g3 a5 26. Rc5 a4 27. Rc4 h4 28. Kg2 Be7 29. Rc7 Bd6 30. Rc6 Bxe5 31. dxe5 Rb8 32. Rc2 Rb3 33. Kh3 hxg3 34. hxg3 Rb4 35. Rc8+ Kh7 36. Ra8 Kg6 37. Kg4 Kh6 38. Ra7 Kg6 39. Ra8 f5+ 40. exf6 gxf6 41. Ra6 f5+ 42. Kh3 Kf6 43. Ra5 Ke7 44. Ra6 Kf7 45. Ra7+ Kg6 46. Ra6 Kf6 47. Ra5 Re4 48. Rb5 e5 49. Rb6+ Kf7 50. fxe5 Rxe5 51. b3 a3 52. Ra6 Re3 53. Rxa3 f4 54. Kg4 f3 55. Ra4 f2 56. Rf4+ Kg6 57. Rxf2 Rxb3 58. Rf3 Rb4+ 1/2-1/2


[Site "https://www.chess.com"]

[Event "Titled Tuesday Blitz June 8 2021"]
[White "Zierk, Steven"]
[Black "Harutjunyan, Gevorg"]
[WhiteFideId "2034255"]
[BlackFideId "13300873"]
[WhiteElo "2502"]
[BlackElo "2498"]
[Result "1-0"]
[Round "11"]
[TimeControl "180+1"]
[Date "2021.06.08"]
[WhiteClock "0:01:41"]
[BlackClock "0:00:28"]

1. e4 c6 2. d4 d5 3. exd5 cxd5 4. Bd3 Nf6 5. c3 Bg4 6. Qb3 Qc7 7. Ne2 Nc6 8. Bf4 Qd7 9. Nd2 e6 10. Ng3 Bd6 11. Bxd6 Qxd6 12. h3 Bh5 13. Qxb7 Rb8 14. Qa6 O-O 15. Rb1 e5 16. Nf5 Qd8 17. Qxc6 Rb6 18. Qa4 Bg6 19. dxe5 Nd7 20. Nf3 Nc5 21. Qd4 Ne6 22. Qh4 Qc7 23. Ne7+ Kh8 24. Bxg6 1-0


[Site "https://www.chess.com"]